TOP OF THE 1ST |
Peoria Chiefs batting - Pitching for Kane County Cougars : RHP Cody Savastand
|
Pitching: RHP Cody Savastand
|
|
Batting: RHB Fortunato Fteira
|
0-0: Ball 1-0: Called Strike 1-1: Foul Ball, location: 2F 1-2: Strikes out swinging
|
Batting: RHB Joe Alley
|
0-0: Foul Ball, location: 2F 0-1: Ground out 5-3 (Groundball, 5S, EV 67.5 MPH)
|
Batting: RHB Tyler Walker
|
0-0: DOUBLE (Line Drive, 7LD, EV 103.8 MPH)
|
Batting: RHB Chris Norris
|
0-0: Foul Ball, location: 2F 0-1: Ball 1-1: Ball 2-1: Swinging Strike 2-2: Foul Ball, location: 2F 2-2: Ball 3-2: Foul Ball, location: 2F 3-2: Strikes out swinging
|
Top of the 1st over - 0 runs, 1 hit, 0 errors, 1 left on base; Peoria 0 - Kane County 0 |
BOTTOM OF THE 1ST |
Kane County Cougars batting - Pitching for Peoria Chiefs : RHP Steve Pierson
|
Pitching: RHP Steve Pierson
|
|
Batting: RHB Ernesto Zamora
|
0-0: Called Strike 0-1: Ball 1-1: Called Strike 1-2: Strikes out swinging passed ball, reaches first!
|
Batting: RHB Paul Schreiber
|
0-0: SINGLE (Flyball, 8LS, EV 100.0 MPH) Ernesto Zamora to second
|
Batting: RHB Chad Mendoza
|
0-0: Ball 1-0: Foul Ball, location: 2F 1-1: Called Strike 1-2: Ball 2-2: Fly out, F8 (Flyball, 89D, EV 104.4 MPH) Runner from 2nd tags up, SAFE at 3rd, no throw by CF
|
Batting: RHB Steve Machol
|
0-0: Called Strike 0-1: Fly out, F7 (Line Drive, 7, EV 110.0 MPH) Runner from 3rd tags up, OUT at HOME! 7-2
|
Bottom of the 1st over - 0 runs, 1 hit, 0 errors, 1 left on base; Peoria 0 - Kane County 0 |
TOP OF THE 2ND |
Peoria Chiefs batting - Pitching for Kane County Cougars : RHP Cody Savastand
|
Batting: RHB Josh Broome
|
0-0: Called Strike 0-1: Swinging Strike 0-2: Ball 1-2: Ball 2-2: Ball 3-2: Base on Balls
|
Batting: RHB Tommy Tracy
|
0-0: Ball 1-0: Ball 2-0: Called Strike 2-1: Grounds into double play, 5-4-3 (Groundball, 5, EV 106.9 MPH)
|
Batting: RHB Brad Payne
|
0-0: Ground out 6-3 (Groundball, 6, EV 99.4 MPH)
|
Top of the 2nd over - 0 runs, 0 hits, 0 errors, 0 left on base; Peoria 0 - Kane County 0 |
BOTTOM OF THE 2ND |
Kane County Cougars batting - Pitching for Peoria Chiefs : RHP Steve Pierson
|
Batting: SHB Evan Armagost
|
0-0: Ball 1-0: Called Strike 1-1: Ball 2-1: Swinging Strike 2-2: Strikes out swinging
|
Batting: RHB Sergio Manzanero
|
0-0: Foul Ball, location: 2F 0-1: Ball 1-1: Foul Ball, location: 2F 1-2: Ball 2-2: Foul Ball, location: 2F 2-2: Ground out 5-3 (Groundball, 56S, EV 88.8 MPH)
|
Batting: LHB Jeff Harmon
|
0-0: Ball 1-0: Called Strike 1-1: Foul Ball, location: 2F 1-2: Ball 2-2: Foul Ball, location: 2F 2-2: Foul Ball, location: 2F 2-2: Foul Ball, location: 2F 2-2: Foul Ball, location: 2F 2-2: Fly out, F7 (Flyball, 7, EV 80.6 MPH)
|
Bottom of the 2nd over - 0 runs, 0 hits, 0 errors, 0 left on base; Peoria 0 - Kane County 0 |
TOP OF THE 3RD |
Peoria Chiefs batting - Pitching for Kane County Cougars : RHP Cody Savastand
|
Batting: SHB Hank Arias
|
0-0: Called Strike 0-1: Ball 1-1: Ball 2-1: Ground out U3 (Groundball, 34, EV 86.2 MPH)
|
Batting: RHB John Gibbs
|
0-0: Ball 1-0: Called Strike 1-1: Fly out, F8 (Flyball, 8LD, EV 109.4 MPH)
|
Batting: RHB Fortunato Fteira
|
0-0: Ball 1-0: Ground out 6-3 (Groundball, 56, EV 90.6 MPH)
|
Top of the 3rd over - 0 runs, 0 hits, 0 errors, 0 left on base; Peoria 0 - Kane County 0 |
BOTTOM OF THE 3RD |
Kane County Cougars batting - Pitching for Peoria Chiefs : RHP Steve Pierson
|
Batting: LHB Enrique Ponce
|
0-0: Ball 1-0: Ball 2-0: Ball 3-0: Called Strike 3-1: Called Strike 3-2: Ground out 4-3 (Groundball, 4, EV 87.5 MPH)
|
Batting: LHB Tae-geun Kwang
|
0-0: Swinging Strike 0-1: Foul Ball, location: 2F 0-2: Foul Ball, location: 2F 0-2: Foul Ball, location: 2F 0-2: Ball 1-2: Ball 2-2: Ball 3-2: Base on Balls
|
Batting: RHB Ernesto Zamora
|
0-0: Swinging Strike 0-1: Foul Ball, location: 2F 0-2: Strikes out swinging
|
Batting: RHB Paul Schreiber
|
0-0: Foul Ball, location: 2F 0-1: Ball 1-1: Ground out 2-3 (Groundball, 2R, EV 63.8 MPH)
|
Bottom of the 3rd over - 0 runs, 0 hits, 0 errors, 1 left on base; Peoria 0 - Kane County 0 |
TOP OF THE 4TH |
Peoria Chiefs batting - Pitching for Kane County Cougars : RHP Cody Savastand
|
Batting: RHB Joe Alley
|
0-0: Called Strike 0-1: Swinging Strike 0-2: Foul Ball, location: 2F 0-2: Foul Ball, location: 2F 0-2: Ball 1-2: Foul Ball, location: 2F 1-2: Strikes out swinging
|
Batting: RHB Tyler Walker
|
0-0: Ball 1-0: Called Strike 1-1: Foul Ball, location: 2F 1-2: Ball 2-2: Ball 3-2: SINGLE (Groundball, 6D, EV 97.5 MPH)
|
Batting: RHB Chris Norris
|
0-0: Ball 1-0: Ball 2-0: Fly out, F8 (Flyball, 8RD, EV 103.1 MPH)
|
Batting: RHB Josh Broome
|
0-0: Ball 1-0: Ball 2-0: Fly out, F9 (Flyball, 89S, EV 80.0 MPH)
|
Top of the 4th over - 0 runs, 1 hit, 0 errors, 1 left on base; Peoria 0 - Kane County 0 |
BOTTOM OF THE 4TH |
Kane County Cougars batting - Pitching for Peoria Chiefs : RHP Steve Pierson
|
Batting: RHB Chad Mendoza
|
0-0: Foul Ball, location: 2F 0-1: DOUBLE (Flyball, 8LXD, EV 103.8 MPH)
|
Batting: RHB Steve Machol
|
0-0: Fly out, F7 (Flyball, 7, EV 91.9 MPH)
|
Batting: SHB Evan Armagost
|
0-0: Ball 1-0: Ball 2-0: Foul Ball, location: 2F 2-1: Foul Ball, location: 2F 2-2: Strikes out swinging
|
Batting: RHB Sergio Manzanero
|
0-0: Called Strike 0-1: Ball 1-1: Swinging Strike 1-2: Ball 2-2: Ball 3-2: Foul Ball, location: 2F 3-2: Strikes out looking
|
Bottom of the 4th over - 0 runs, 1 hit, 0 errors, 1 left on base; Peoria 0 - Kane County 0 |
TOP OF THE 5TH |
Peoria Chiefs batting - Pitching for Kane County Cougars : RHP Cody Savastand
|
Batting: RHB Tommy Tracy
|
0-0: Ball 1-0: Called Strike 1-1: Foul Ball, location: 2F 1-2: Strikes out swinging
|
Batting: RHB Brad Payne
|
0-0: Ball 1-0: Ground out U3 (Groundball, 3S, EV 74.4 MPH)
|
Batting: SHB Hank Arias
|
0-0: Ball 1-0: Foul Ball, location: 2F 1-1: Foul Ball, location: 2F 1-2: Strikes out swinging
|
Top of the 5th over - 0 runs, 0 hits, 0 errors, 0 left on base; Peoria 0 - Kane County 0 |
BOTTOM OF THE 5TH |
Kane County Cougars batting - Pitching for Peoria Chiefs : RHP Steve Pierson
|
Batting: LHB Jeff Harmon
|
0-0: Called Strike 0-1: Ball 1-1: Ball 2-1: SINGLE (Groundball, 34D, EV 98.1 MPH)
|
Batting: LHB Enrique Ponce
|
0-0: Ball 1-0: Called Strike 1-1: 2-RUN HOME RUN (Flyball, 89XD, EV 103.8 MPH), Distance : 404 ft
|
Batting: LHB Tae-geun Kwang
|
0-0: Ball 1-0: Swinging Strike 1-1: Foul Ball, location: 2F 1-2: Strikes out swinging
|
Batting: RHB Ernesto Zamora
|
0-0: Swinging Strike 0-1: Ball 1-1: Swinging Strike 1-2: Strikes out looking
|
Batting: RHB Paul Schreiber
|
0-0: Called Strike 0-1: Swinging Strike 0-2: Ball 1-2: Strikes out swinging
|
Bottom of the 5th over - 2 runs, 2 hits, 0 errors, 0 left on base; Peoria 0 - Kane County 2 |
TOP OF THE 6TH |
Peoria Chiefs batting - Pitching for Kane County Cougars : RHP Cody Savastand
|
Batting: RHB John Gibbs
|
0-0: SOLO HOME RUN (Line Drive, 7LD, EV 97.5 MPH), Distance : 367 ft
|
Batting: RHB Fortunato Fteira
|
0-0: Ball 1-0: Foul Ball, location: 2F 1-1: Called Strike 1-2: Ball 2-2: Ball 3-2: SINGLE (Groundball, 6MD, EV 98.1 MPH)
|
Batting: RHB Joe Alley
|
0-0: Called Strike 0-1: Foul Ball, location: 2F 0-2: Strikes out looking
|
Batting: RHB Tyler Walker
|
0-0: DOUBLE (Groundball, 5L, EV 107.5 MPH) Fortunato Fteira to third
|
Batting: RHB Chris Norris
|
0-0: Called Strike 0-1: Ground out U3 (Groundball, 3S, EV 90.6 MPH)
|
Batting: RHB Josh Broome
|
0-0: Called Strike 0-1: Ground out 4-3 (Groundball, 4, EV 98.8 MPH)
|
Top of the 6th over - 1 run, 3 hits, 0 errors, 2 left on base; Peoria 1 - Kane County 2 |
BOTTOM OF THE 6TH |
Kane County Cougars batting - Pitching for Peoria Chiefs : RHP Steve Pierson
|
Batting: RHB Chad Mendoza
|
0-0: Ball 1-0: Ball 2-0: Swinging Strike 2-1: Foul Ball, location: 2F 2-2: Fly out, F8 (Flyball, 8RD, EV 97.5 MPH)
|
Pitching: LHP Steve Martin
|
|
Batting: RHB Steve Machol
|
0-0: Ball 1-0: Ground out 5-3 (Groundball, 5S, EV 84.4 MPH)
|
Batting: SHB Evan Armagost
|
0-0: Ball 1-0: Foul Ball, location: 2F 1-1: SINGLE (Groundball, 4MD, EV 97.5 MPH)
|
Batting: RHB Sergio Manzanero
|
0-0: Fielders Choice at 2nd, 5-4 (Groundball, 5, EV 86.2 MPH)
|
Bottom of the 6th over - 0 runs, 1 hit, 0 errors, 1 left on base; Peoria 1 - Kane County 2 |
TOP OF THE 7TH |
Peoria Chiefs batting - Pitching for Kane County Cougars : RHP Cody Savastand
|
Batting: RHB Tommy Tracy
|
0-0: Ball 1-0: Called Strike 1-1: Called Strike 1-2: Ball 2-2: Foul Ball, location: 2F 2-2: Foul Ball, location: 2F 2-2: Ball 3-2: Base on Balls
|
Batting: RHB Brad Payne
|
0-0: Ball 1-0: Fly out, F8 (Flyball, 8LM, EV 83.1 MPH)
|
Batting: SHB Hank Arias
|
0-0: Called Strike 0-1: Ball 1-1: Ball 2-1: Foul Ball, location: 2F 2-2: Ball 3-2: Foul Ball, location: 2F 3-2: Grounds into double play, 4-6-3 (Groundball, 4, EV 105.6 MPH)
|
Top of the 7th over - 0 runs, 0 hits, 0 errors, 0 left on base; Peoria 1 - Kane County 2 |
BOTTOM OF THE 7TH |
Kane County Cougars batting - Pitching for Peoria Chiefs : LHP Steve Martin
|
Batting: LHB Jeff Harmon
|
0-0: Foul Ball, location: 2F 0-1: Swinging Strike 0-2: Strikes out looking
|
Batting: LHB Enrique Ponce
|
0-0: Foul Ball, location: 2F 0-1: Called Strike 0-2: Ground out 2-3 (Groundball, 2L, EV 65.6 MPH)
|
Batting: LHB Tae-geun Kwang
|
0-0: Ball 1-0: Foul Ball, location: 2F 1-1: Ground out U3 (Groundball, 3, EV 82.5 MPH)
|
Bottom of the 7th over - 0 runs, 0 hits, 0 errors, 0 left on base; Peoria 1 - Kane County 2 |
TOP OF THE 8TH |
Peoria Chiefs batting - Pitching for Kane County Cougars : RHP Cody Savastand
|
Batting: RHB John Gibbs
|
0-0: Ball 1-0: Ball 2-0: SINGLE (Groundball, 56D, EV 101.2 MPH)
|
Batting: RHB Fortunato Fteira
|
0-0: Ball 1-0: Ball 2-0: Foul Ball, location: 2F 2-1: Swinging Strike 2-2: Fielders Choice at 2nd, 3-6 (Groundball, 34S, EV 80.6 MPH)
|
Batting: RHB Joe Alley
|
0-0: Called Strike 0-1: Ball 1-1: DOUBLE (Flyball, 8LXD, EV 99.4 MPH) Fortunato Fteira to third
|
Pitching: RHP Rick Foster
|
|
Batting: RHB Tyler Walker
|
0-0: Ball 1-0: Foul Ball, location: 2F 1-1: Ground out 6-3 (Groundball, 6, EV 86.9 MPH) Fortunato Fteira scores
|
Batting: RHB Chris Norris
|
0-0: Ball 1-0: Ball 2-0: Called Strike 2-1: Foul Ball, location: 2F 2-2: Fly out, F6 (Popup, 6MS, EV 68.8 MPH)
|
Top of the 8th over - 1 run, 2 hits, 0 errors, 1 left on base; Peoria 2 - Kane County 2 |
BOTTOM OF THE 8TH |
Kane County Cougars batting - Pitching for Peoria Chiefs : LHP Steve Martin
|
Pitching: RHP Ray Strehler
|
|
Batting: RHB Ernesto Zamora
|
0-0: Foul Ball, location: 2F 0-1: Ball 1-1: Foul Ball, location: 2F 1-2: Strikes out looking
|
Batting: RHB Paul Schreiber
|
0-0: Foul Ball, location: 2F 0-1: SINGLE (Line Drive, 5D, EV 97.5 MPH)
|
Batting: RHB Chad Mendoza
|
0-0: Foul Ball, location: 2F 0-1: Ball 1-1: Ball Passed Ball! Paul Schreiber to second 2-1: Intentional Walk
|
Batting: RHB Steve Machol
|
0-0: Ball 1-0: Ball 2-0: Swinging Strike 2-1: Ball 3-1: Foul Ball, location: 2F 3-2: Strikes out looking
|
Batting: SHB Evan Armagost
|
0-0: Called Strike 0-1: Swinging Strike 0-2: Strikes out swinging
|
Bottom of the 8th over - 0 runs, 1 hit, 0 errors, 2 left on base; Peoria 2 - Kane County 2 |
TOP OF THE 9TH |
Peoria Chiefs batting - Pitching for Kane County Cougars : RHP Rick Foster
|
Pitching: LHP Heath Henderson
|
|
Batting: RHB Josh Broome
|
0-0: Ball 1-0: Foul Ball, location: 2F 1-1: Ball 2-1: Foul Ball, location: 2F 2-2: Strikes out swinging
|
Batting: RHB Tommy Tracy
|
0-0: Called Strike 0-1: Swinging Strike 0-2: Ball 1-2: Foul Ball, location: 2F 1-2: Ball 2-2: Strikes out swinging
|
Batting: RHB Brad Payne
|
0-0: Ball 1-0: Ball 2-0: Fly out, F6 (Line Drive, 6, EV 71.9 MPH)
|
Top of the 9th over - 0 runs, 0 hits, 0 errors, 0 left on base; Peoria 2 - Kane County 2 |
BOTTOM OF THE 9TH |
Kane County Cougars batting - Pitching for Peoria Chiefs : RHP Ray Strehler
|
Pitching: RHP Ricky Enriquez
|
|
Batting: RHB Sergio Manzanero
|
0-0: Ball 1-0: Ball 2-0: Ball 3-0: Called Strike 3-1: Swinging Strike 3-2: Foul Ball, location: 2F 3-2: Fly out, F9 (Flyball, 9D, EV 90.0 MPH)
|
Batting: LHB Jeff Harmon
|
0-0: Ball 1-0: Ball 2-0: Foul Ball, location: 2F 2-1: Foul Ball, location: 2F 2-2: Ball 3-2: Foul Ball, location: 2F 3-2: Ground out 6-3 (Groundball, 6D, EV 83.8 MPH)
|
Batting: LHB Enrique Ponce
|
0-0: Ball 1-0: Fly out, F9 (Line Drive, 9, EV 95.6 MPH)
|
Bottom of the 9th over - 0 runs, 0 hits, 0 errors, 0 left on base; Peoria 2 - Kane County 2 |
TOP OF THE 10TH |
Peoria Chiefs batting - Pitching for Kane County Cougars : LHP Heath Henderson
|
Batting: SHB Hank Arias
|
0-0: Foul Ball, location: 2F 0-1: Ball 1-1: Foul Ball, location: 2F 1-2: Ball 2-2: Ball 3-2: Strikes out looking
|
Batting: RHB John Gibbs
|
0-0: Called Strike 0-1: Foul Ball, location: 2F 0-2: Strikes out swinging
|
Batting: RHB Fortunato Fteira
|
0-0: Swinging Strike 0-1: Ball 1-1: Foul Ball, location: 2F 1-2: Foul Ball, location: 2F 1-2: Strikes out swinging
|
Top of the 10th over - 0 runs, 0 hits, 0 errors, 0 left on base; Peoria 2 - Kane County 2 |
BOTTOM OF THE 10TH |
Kane County Cougars batting - Pitching for Peoria Chiefs : RHP Ricky Enriquez
|
Pitching: LHP John Grinter
|
|
Batting: LHB Tae-geun Kwang
|
0-0: Called Strike 0-1: Ball 1-1: Foul Ball, location: 2F 1-2: Fly out, F8 (Flyball, 78M, EV 72.5 MPH)
|
Batting: RHB Ernesto Zamora
|
0-0: Ball 1-0: Called Strike 1-1: Ball 2-1: SINGLE (Groundball, P, EV 87.5 MPH) (infield hit)
|
Batting: RHB Paul Schreiber
|
0-0: Called Strike 0-1: Swinging Strike 0-2: Ball 1-2: Strikes out looking
|
Batting: RHB Chad Mendoza
|
0-0: Called Strike 0-1: Ball 1-1: Fly out, F7 (Flyball, 78S, EV 81.9 MPH)
|
Bottom of the 10th over - 0 runs, 1 hit, 0 errors, 1 left on base; Peoria 2 - Kane County 2 |
TOP OF THE 11TH |
Peoria Chiefs batting - Pitching for Kane County Cougars : LHP Heath Henderson
|
Batting: RHB Joe Alley
|
0-0: Foul Ball, location: 2F 0-1: Ball 1-1: Called Strike 1-2: Ball 2-2: Fly out, F8 (Line Drive, 8LD, EV 91.9 MPH)
|
Batting: RHB Tyler Walker
|
0-0: Foul Ball, location: 2F 0-1: Fly out, F8 (Flyball, 8LXD, EV 94.4 MPH)
|
Batting: RHB Chris Norris
|
0-0: Ball 1-0: Ball 2-0: Called Strike 2-1: Ball 3-1: SINGLE (Groundball, 56D, EV 106.2 MPH)
|
Pitching: RHP Dan Thompson
|
|
Batting: RHB Josh Broome
|
0-0: Ball 1-0: Swinging Strike 1-1: Called Strike 1-2: Ball Chris Norris is caught stealing 2nd base 2-4
|
Top of the 11th over - 0 runs, 1 hit, 0 errors, 0 left on base; Peoria 2 - Kane County 2 |
BOTTOM OF THE 11TH |
Kane County Cougars batting - Pitching for Peoria Chiefs : LHP John Grinter
|
Batting: RHB Steve Machol
|
0-0: Called Strike 0-1: Ball 1-1: Foul Ball, location: 2F 1-2: Strikes out swinging
|
Batting: SHB Evan Armagost
|
0-0: Ball 1-0: Swinging Strike 1-1: Ball 2-1: SINGLE (Line Drive, 8RS, EV 107.5 MPH)
|
Batting: RHB Sergio Manzanero
|
0-0: Foul Ball, location: 2F 0-1: SINGLE (Groundball, 6MD, EV 101.9 MPH) Evan Armagost to second
|
Batting: LHB Jeff Harmon
|
0-0: Foul Ball, location: 2F 0-1: Called Strike 0-2: Ball Wild Pitch! Evan Armagost to third Sergio Manzanero to second 1-2: Strikes out swinging
|
Batting: LHB Enrique Ponce
|
0-0: SINGLE (Groundball, 34S, EV 73.1 MPH) (infield hit) Evan Armagost scores
|
Bottom of the 11th over - 1 run, 3 hits, 0 errors, 2 left on base; Peoria 2 - Kane County 3 |
|